 Dungeon Crawl Stone Soup version 0.23.1-37-gaa34b87 (webtiles) character file.

Game seed: 2619931323035282655

99724 vishdafish the Grappler (level 16, -13/108 HPs)
             Began as an Octopode Fighter on Mar 21, 2019.
             Was an Initiate of Gozag.
             Killed from afar by Frances (50 damage)
             ... with an iron shot
             ... on level 1 of the Spider Nest.
             The game lasted 01:14:20 (32633 turns).

vishdafish the Grappler (Octopode Fighter)         Turns: 32633, Time: 01:14:21

Health: -13/108    AC:  1    Str: 21    XL:     16   Next: 25%
Magic:  7/32       EV: 22    Int: 24    God:    Gozag
Gold:   1274       SH: 18    Dex: 11    Spells: 11/19 levels left

rFire    . . .     SeeInvis +     - Unarmed
rCold    + . .     Gourm    .   a - +0 shield
rNeg     . . .     Faith    .   (helmet restricted)
rPois    .         Spirit   .   E - +5 amulet of reflection
rElec    .         Reflect  +   n - +5 ring of evasion
rCorr    +         Harm     .   S - +3 ring of slaying
MR       +....                  A - ring of wizardry
Stlth    ++++......             G - ring of protection from cold
HPRegen  0.28/turn              Y - ring "Ydypir" {*Corrode MP+9 Int+10}
MPRegen  0.23/turn              V - ring of see invisible
                                g - ring of resist corrosion
                                Z - +5 ring of slaying

@: about to teleport, very slightly contaminated
A: almost no armour, stealthy swim, amphibious, 8 rings, constrict 8, antennae
1, camouflage 1, mutation resistance 1, sense surroundings 1, strong 1,
gelatinous body 1
a: Potion Petition, Call Merchant, Bribe Branch, Renounce Religion


You were on level 1 of the Spider Nest.
You worshipped Gozag.
Gozag was most pleased with you.
You were hungry.

You visited 5 branches of the dungeon, and saw 25 of its levels.
You also visited: Bailey and Gauntlet.

You collected 8557 gold pieces.
You spent 2409 gold pieces at shops.
You paid 4874 gold pieces to Gozag.

Inventory:

Missiles
 z - 4 javelins (quivered)
 T - 5 throwing nets
 X - 18 javelins of returning
Armour
 a - a +0 shield (worn)
Jewellery
 g - a ring of resist corrosion (on tentacle)
 n - a +5 ring of evasion (left tentacle)
 A - a ring of wizardry (on tentacle)
 E - a +5 amulet of reflection (around mantle)
 G - a ring of protection from cold (on tentacle)
 H - the amulet "Biohe" {RegenMP rC+++ Str+4 Dex-3 SInv}
   (You took it off a big kobold on level 9 of the Dungeon)

   [amulet of magic regeneration]

   It increases your magic regeneration.
   It affects your strength (+4).
   It affects your dexterity (-3).
   It renders you almost immune to cold.
   It lets you see invisible.
 P - an uncursed ring of positive energy
 S - a +3 ring of slaying (right tentacle)
 V - a ring of see invisible (on tentacle)
 Y - the ring "Ydypir" (on tentacle) {*Corrode MP+9 Int+10}
   (You found it in a Gauntlet)

   [ring of magical power]

   It affects your intelligence (+10).
   It affects your magic capacity (+9).
   It may corrode you when you take damage.
 Z - a +5 ring of slaying (on tentacle)
Wands
 w - a wand of enslavement (3)
 y - a wand of polymorph (26)
 F - a wand of paralysis (5)
 L - a wand of digging (4)
Scrolls
 d - a scroll of acquirement {unknown}
 f - a scroll of vulnerability {unknown}
 h - 13 scrolls of teleportation
 i - 5 scrolls of amnesia
 k - 2 scrolls of enchant armour
 o - 2 scrolls of blinking
 p - a scroll of summoning
 q - 7 scrolls of remove curse
 r - 3 scrolls of fog
 s - 2 scrolls of magic mapping
 t - 4 scrolls of fear
 B - a scroll of holy word {unknown}
 D - 3 scrolls of silence {unknown}
 K - a scroll of brand weapon {unknown}
 M - 2 scrolls of enchant weapon {unknown}
 N - 3 scrolls of immolation
 U - 2 scrolls of torment
Potions
 e - 9 potions of curing
 j - 2 potions of resistance
 l - 2 potions of brilliance
 m - 3 potions of heal wounds
 u - a potion of lignification
 v - a potion of haste {unknown}
 x - a potion of degeneration {unknown}
 C - 5 potions of cancellation
 I - 3 potions of might
 J - 4 potions of flight
 O - 2 potions of ambrosia
 Q - a potion of agility
 R - a potion of magic
 W - 3 potions of mutation
Miscellaneous
 b - a box of beasts
Comestibles
 c - 24 rations


   Skills:
 - Level 9.3 Fighting
 - Level 6.0 Throwing
 - Level 9.3 Dodging
 - Level 2.0 Stealth
 + Level 13.2 Shields
 - Level 13.3 Unarmed Combat
 - Level 2.4 Spellcasting
 - Level 2.0 Translocations
 + Level 10.4 Transmutations
 + Level 10.4 Earth Magic
 - Level 9.4 Evocations


You had 11 spell levels left.
You knew the following spells:

 Your Spells              Type           Power        Failure   Level  Hunger
a - Blink                 Tloc           N/A          4%          2    ##.....
b - Statue Form           Tmut/Erth      ######...    12%         6    #######

Your spell library contained the following spells:

 Spells                   Type           Power        Failure   Level  Hunger
 Petrify                  Tmut/Erth      ######..     1%          4    ####...
 Confusing Touch          Hex            #.....       6%          1    None
 Corona                   Hex            #......      6%          1    None
 Freeze                   Ice            #...         6%          1    None
 Magic Dart               Conj           #...         6%          1    None
 Shock                    Conj/Air       #...         6%          1    None
 Gell's Gravitas          Tloc           ##........   8%          3    ###....
 Call Imp                 Summ           #.......     9%          2    ##.....
 Ensorcelled Hibernation  Hex/Ice        #.....       9%          2    ##.....
 Slow                     Hex            #.......     9%          2    ##.....
 Swiftness                Chrm/Air       #.......     9%          2    ##.....
 Throw Frost              Conj/Ice       #.....       9%          2    ##.....
 Hydra Form               Tmut           ######....   12%         6    #######
 Confuse                  Hex            #.......     16%         3    ###....
 Conjure Flame            Conj/Fire      #.......     16%         3    ###....
 Mephitic Cloud           Conj/Pois/Air  #.......     16%         3    ###....
 Ozocubu's Armour         Chrm/Ice       #.......     16%         3    ###....
 Static Discharge         Conj/Air       #.......     16%         3    ###....
 Summon Guardian Golem    Hex/Summ       #.......     16%         3    ###....
 Alistair's Intoxication  Tmut/Pois      ####....     17%         5    ######.
 Irradiate                Conj/Tmut      ####......   17%         5    ######.
 Yara's Violent Unravell  Hex/Tmut       ####......   17%         5    ######.
 Airstrike                Air            #.........   45%         4    ####...
 Summon Ice Beast         Ice/Summ       #.......     45%         4    ####...
 Throw Icicle             Conj/Ice       #.......     45%         4    ####...
 Dragon Form              Tmut           ######....   52%         7    #######
 Lightning Bolt           Conj/Air       #.........   80%         5    ######.
 Metabolic Englaciation   Hex/Ice        #.........   80%         5    ######.
 Invisibility             Hex            #.......     100%        6    #######
 Discord                  Hex            #.........   100%        8    #######
 Ignition                 Fire           #.........   100%        8    #######
 Shatter                  Erth           ######....   100%        9    #######
 Tornado                  Air            #.........   100%        9    #######


Dungeon Overview and Level Annotations

Branches:
Dungeon (15/15)            Temple (1/1) D:7            Lair (6/6) D:10
  Swamp (0/4) Lair:3       Spider (1/4) Lair:4        Slime (0/5) Lair:6
    Orc (2/2) D:9             Elf (0/3) Orc:2        Vaults (0/5) D:13
 Depths (0/5) D:15

Altars:
Ashenzari
Cheibriados
Dithmenos
Elyvilon
Fedhas
Gozag
Hepliaklqana
Kikubaaqudgha
Makhleb
Nemelex Xobeh
Okawaru
Qazlal
Ru
Sif Muna
Trog
Uskayaw
Vehumet
Wu Jian
Xom
Yredelemnul
Zin
The Shining One
Beogh

Shops:
D:10 =   D:15 =   Orc:1 ?   Orc:2 !=:=   Lair:3 !   Lair:6 =

Portals:
Trove: D:15 (give 16 potions of curing)

Annotations:
D:5 3 runed translucent doors, ThisFiasco's ghost, novice MiGl; grocchini's ghost, novice MfSk
D:9 exclusion: orange crystal statue
Lair:6 exclusion: 2 oklob plants
Spider:1 Frances


Innate Abilities, Weirdness & Mutations

You cannot wear most types of armour.
You are very stealthy in the water. (Stealth+)
You are amphibious.
You can wear up to eight rings at the same time.
You can use your tentacles to constrict eight enemies at once.
Your skin changes colour to match your surroundings (Stealth+).
Your rubbery body absorbs attacks. (AC +1, EV +1)
You have a pair of small antennae on your head.
You are somewhat resistant to further mutation.
You passively map a small area around you.
Your muscles are strong. (Str +2)


Message History

You bludgeon the redback! Your grab misses the redback.
You tentacle-slap the redback!
The redback is almost dead.
Frances is no longer distracted by gold.
You block the redback's attack.
You batter the redback!!
You kill the redback!
The jumping spider is no longer distracted by gold.
You block the redback's attack.
The jumping spider hisses angrily.
You batter the redback!!
You kill the redback!
Frances whispers indecipherable words.
The jumping spider leaps!
As you read the scroll of teleportation, it crumbles to dust.
You feel strangely unstable.
The jumping spider leaps!
Frances mutters in a terrible tongue.
The iron shot hits you!!!
You die...
Your body crumbles into a pile of gold.

...°s
#.......(.≈≈≈≈#....#≈ ,
#°...#####....##.#....
.# ,*
#..$s@....#.≈..##..#> #
#....#sss...s°3#..#...#
... #..!.°.#≈3@#.....#
, , #
#(.#.s####≈≈≈≈.s... ,
#.^.#### #≈≈≈≈≈#.#.. ,
, #... ###$≈≈≈s# , * ,
##.., #@≈#≈## * , , *
... ###### * * * , , *
* *


You could see Frances, a sun demon, a sixfirhy, 2 jumping spiders and a redback.

Vanquished Creatures
  An entropy weaver (Gauntlet)
  A minotaur (Gauntlet)
  8 hydras
  Fannar (Orc:1)
  Harold (Lair:2)
  Erica (Lair:2)
  A death knight (D:15)
  2 centaur warriors
  6 death yaks
  7 two-headed ogres
  Nergalle (Lair:2)
  A skeletal warrior (D:15)
  The ghost of esteth the Magician, a novice GnFE of Okawaru (D:8)
  2 unseen horrors
  A wizard (D:13)
  2 phantasmal warriors (D:15)
  3 necromancers
  A lindwurm (Lair:6)
  2 ugly things (D:11)
  3 wolf spiders (Spider:1)
  3 orc knights (Orc:2)
  An orb spider (Lair:4)
  A deep elf mage (D:15)
  A manticore (D:13)
  5 orc sorcerers
  7 cyclopes
  4 centaur zombies
  A worldbinder (Gauntlet)
  21 elephants
  3 black mambas
  A torpor snail (Lair:6)
  A centaur skeleton (D:14)
  7 spiny frogs
  A rime drake (Lair:6)
  5 komodo dragons
  A merfolk (D:12)
  2 tengu conjurers (D:14)
  9 trolls
  6 jumping spiders
  2 polar bears
  3 hornets
  3 slime creatures (D:13)
  10 hippogriffs
  28 dream sheep
  22 blink frogs
  9 redbacks (Spider:1)
  10 spriggans (Lair:6)
  A shadow (D:14)
  A spriggan (shapeshifter) (D:13)
  2 wraiths
  8 wyverns
  53 yaks
  A tarantella (Spider:1)
  2 vampires
  3 basilisks
  A hungry ghost (D:11)
  3 vampire mosquitoes (D:15)
  Menkaure (D:6)
  3 wargs
  An acid dragon (D:14)
  11 water moccasins
  A soldier ant (D:11)
  8 porcupines
  3 ice beasts
  43 orc warriors
  A sky beast (D:7)
  6 black bears
  A phantom (D:9)
  26 wolves
  14 ogres
  17 centaurs
  7 boggarts
  12 crocodiles
  4 big kobolds
  22 bullfrogs
  A gnoll sergeant (D:9)
  A hornet simulacrum (D:15)
  2 wyvern skeletons (D:14)
  A scorpion (D:7)
  9 killer bees
  20 wights
  An electric eel (Lair:5)
  3 vampire bats (Lair:1)
  6 crimson imps
  2 bullfrog zombies
  12 jellies
  2 quasits
  5 hounds
  3 bullfrog skeletons
  A gnoll shaman (D:4)
  20 orc priests
  16 orc wizards
  7 iguanas
  11 worker ants
  A hound zombie (D:7)
  A mummy (D:8)
  9 gnolls
  15 adders
  A howler monkey simulacrum (D:8)
  5 oozes
  An adder zombie (D:5)
  2 adder skeletons
  4 worms
  2 dart slugs (D:1)
  3 leopard geckos
  103 orcs
  2 ball pythons
  3 giant cockroaches
  5 goblins
  5 hobgoblins
  6 jackals
  2 quokkas
  11 bats
  A jackal skeleton (D:4)
  26 kobolds
  2 leopard gecko skeletons
  A quokka zombie (D:6)
  6 rats
  A plant (Lair:6)
810 creatures vanquished.

Vanquished Creatures (collateral kills)
  3 elephants
  2 hornets (Lair:6)
  2 dream sheep (Lair:5)
  2 spriggans (Lair:6)
  3 orc warriors (Orc:2)
  2 wolves (Lair:6)
  3 orcs (Orc:2)
17 creatures vanquished.

Vanquished Creatures (others)
  3 orc warriors (Orc:2)
  A sky beast (D:8)
  A crocodile (D:15)
  4 centaurs
  A killer bee (D:11)
  An orc wizard (D:7)
  3 orcs (Orc:2)
  A bush (Lair:6)
  41 fungi
  25 plants
81 creatures vanquished.

Grand Total: 908 creatures vanquished

Notes
Turn   | Place    | Note
-------+----------+-------------------------------------------
     0 | D:1      | vishdafish the Octopode Fighter began the quest for the
                  | Orb.
     0 | D:1      | Reached XP level 1. HP: 16/16 MP: 1/1
   250 | D:1      | Reached skill level 1 in Stealth
   272 | D:1      | Reached XP level 2. HP: 13/21 MP: 2/2
   745 | D:1      | Reached XP level 3. HP: 26/26 MP: 3/3
  1476 | D:2      | Reached XP level 4. HP: 23/31 MP: 4/4
  2162 | D:3      | Found an ancient bone altar of Kikubaaqudgha.
  2335 | D:3      | Reached XP level 5. HP: 36/36 MP: 5/5
  2719 | D:4      | Learned a level 2 spell: Blink
  2935 | D:4      | Found a shadowy altar of Dithmenos.
  2964 | D:4      | Noticed an ogre
  3015 | D:4      | Killed an ogre
  3015 | D:4      | Reached XP level 6. HP: 42/42 MP: 6/6
  3414 | D:5      | Entered Level 5 of the Dungeon
  3873 | D:4      | Reached skill level 1 in Spellcasting
  4088 | D:5      | You fall through a shaft for 3 floors!
  4092 | D:7      | Noticed a sky beast
  4103 | D:8      | Noticed a sky beast
  4114 | D:8      | Noticed a black bear
  4141 | D:6      | Noticed Menkaure
  4149 | D:6      | Killed Menkaure
  4149 | D:6      | Reached skill level 5 in Unarmed Combat
  4149 | D:6      | Reached XP level 7. HP: 44/46 MP: 8/10
  4820 | D:6      | Reached skill level 5 in Shields
  4982 | D:5      | Found a runed translucent gate.
  4982 | D:5      | Found a runed translucent gate.
  4985 | D:5      | Found a runed translucent gate.
  4985 | D:5      | Noticed ThisFiasco's ghost (novice MiGl)
  4985 | D:5      | Noticed grocchini's ghost (novice MfSk)
  5056 | D:5      | Reached XP level 8. HP: 52/52 MP: 11/11
  6473 | D:7      | Found a staircase to the Ecumenical Temple.
  6493 | Temple   | Entered the Ecumenical Temple
  6609 | Temple   | Became a worshipper of Gozag Ym Sagoz the Greedy
  6692 | D:7      | Reached XP level 9. HP: 25/56 MP: 12/12
  7003 | D:8      | Noticed a cyclops
  7009 | D:8      | Noticed esteth's ghost (novice GnFE)
  7010 | D:8      | Found a transporter.
  7225 | D:9      | Identified the amulet "Biohe" {RegenMP rC+++ Str+4 Dex-3
                  | SInv}
  7335 | D:9      | Found a staircase to the Orcish Mines.
  7489 | D:9      | Noticed an orange crystal statue
  7679 | D:9      | Gained mutation: You are weak. (Str -2) [potion of
                  | mutation]
  7679 | D:9      | Gained mutation: One of your tentacles bears a spike.
                  | [potion of mutation]
  7679 | D:9      | Gained mutation: Your magical capacity is low. (-10% MP)
                  | [potion of mutation]
  7679 | D:9      | Gained mutation: One of your tentacles bears a nasty spike.
                  | [potion of mutation]
  7689 | D:9      | Lost mutation: One of your tentacles bears a nasty spike.
                  | [potion of mutation]
  7689 | D:9      | Lost mutation: Your magical capacity is low. (-10% MP)
                  | [potion of mutation]
  7689 | D:9      | Lost mutation: One of your tentacles bears a spike. [potion
                  | of mutation]
  7689 | D:9      | Lost mutation: You are weak. (Str -2) [potion of mutation]
  7689 | D:9      | Gained mutation: Your spells are a little easier to cast,
                  | but a little less powerful. [potion of mutation]
  7689 | D:9      | Gained mutation: One of your tentacles bears a spike.
                  | [potion of mutation]
  7956 | D:9      | Noticed a two-headed ogre
  7965 | D:9      | Killed a two-headed ogre
  8612 | D:10     | Entered Level 10 of the Dungeon
  8620 | D:10     | Noticed a two-headed ogre
  8633 | D:10     | Killed a two-headed ogre
  8633 | D:10     | Reached skill level 10 in Unarmed Combat
  8633 | D:10     | Reached XP level 10. HP: 63/63 MP: 13/13
  8792 | D:10     | Reached skill level 10 in Shields
  8837 | D:10     | Found a staircase to the Lair.
  9756 | D:11     | Noticed a red ugly thing
  9773 | D:11     | Killed a red ugly thing
  9803 | D:11     | Found a transporter.
  9830 | D:11     | Reached XP level 11. HP: 58/67 MP: 14/14
  9871 | D:11     | Noticed a cyclops
  9884 | D:11     | Killed a cyclops
  9921 | D:11     | Noticed an unseen horror
  9925 | D:11     | Killed an unseen horror
 10031 | D:11     | Noticed a red ugly thing
 10045 | D:11     | Killed a red ugly thing
 10274 | D:11     | Reached skill level 1 in Evocations
 10791 | D:11     | Found a roughly hewn altar of Beogh.
 10791 | D:11     | Found a transporter.
 11479 | D:11     | Noticed a two-headed ogre
 11485 | D:11     | Noticed an orc sorcerer
 11548 | Lair:1   | Entered Level 1 of the Lair of Beasts
 11603 | Lair:1   | Noticed a seven-headed hydra
 11613 | Lair:1   | Killed a seven-headed hydra
 11971 | Lair:1   | Reached skill level 5 in Dodging
 12132 | Lair:1   | Reached skill level 5 in Fighting
 12534 | Lair:1   | Noticed a six-headed hydra
 12543 | Lair:1   | Killed a six-headed hydra
 12543 | Lair:1   | Reached skill level 5 in Evocations
 12543 | Lair:1   | Reached XP level 12. HP: 78/78 MP: 15/15
 13079 | Lair:2   | You fall through a shaft!
 13161 | Lair:3   | Noticed a five-headed hydra
 13187 | Lair:3   | Killed a five-headed hydra
 13676 | Lair:3   | Found a staircase to the Swamp.
 13946 | Lair:3   | Bought a potion of resistance for 140 gold pieces
 13946 | Lair:3   | Bought 2 potions of might for 112 gold pieces
 13946 | Lair:3   | Bought 2 potions of curing for 84 gold pieces
 13946 | Lair:3   | Bought a potion of lignification for 42 gold pieces
 13946 | Lair:3   | Bought a potion of curing for 42 gold pieces
 13946 | Lair:3   | Bought a potion of invisibility for 112 gold pieces
 13946 | Lair:3   | Bought a potion of magic for 112 gold pieces
 14621 | Lair:2   | Noticed Nergalle
 14625 | Lair:2   | Noticed Erica
 14669 | Lair:2   | Killed Nergalle
 14678 | Lair:2   | Killed Erica
 14730 | Lair:2   | Noticed Harold
 14742 | Lair:2   | Killed Harold
 15047 | Lair:2   | Reached XP level 13. HP: 88/88 MP: 19/19
 15696 | Lair:4   | Found a gate leading to a gauntlet.
 15705 | Gauntlet | Entered a Gauntlet
 15705 | Gauntlet | Found a transporter.
 15705 | Gauntlet | Found a transporter.
 15895 | Gauntlet | Found a transporter.
 15896 | Gauntlet | Found a transporter.
 15910 | Gauntlet | Found a transporter.
 15954 | Gauntlet | Found a transporter.
 15973 | Gauntlet | Found a transporter.
 15986 | Gauntlet | Found a transporter.
 16005 | Gauntlet | Found a transporter.
 16088 | Gauntlet | Found a transporter.
 16105 | Gauntlet | Found a transporter.
 16127 | Gauntlet | Found a transporter.
 16139 | Gauntlet | Found a transporter.
 16162 | Gauntlet | Found a transporter.
 16162 | Gauntlet | Noticed an entropy weaver
 16260 | Gauntlet | Found a transporter.
 16269 | Gauntlet | Found a transporter.
 16660 | Gauntlet | Killed an entropy weaver
 16730 | Gauntlet | Noticed a juggernaut
 16731 | Gauntlet | Noticed a shard shrike
 16731 | Gauntlet | a juggernaut changed into a shard shrike
 16732 | Gauntlet | Noticed a titan
 16732 | Gauntlet | a shard shrike changed into a titan
 16736 | Gauntlet | Noticed an iron dragon
 16736 | Gauntlet | a titan changed into an iron dragon
 16737 | Gauntlet | Noticed a shadow dragon
 16737 | Gauntlet | an iron dragon changed into a shadow dragon
 16740 | Gauntlet | Noticed a sphinx
 16740 | Gauntlet | a shadow dragon changed into a sphinx
 16741 | Gauntlet | Noticed a frost giant
 16741 | Gauntlet | a sphinx changed into a frost giant
 16777 | Gauntlet | Identified the +6 broad axe of Onuahunk {flame, rElec}
 16777 | Gauntlet | Identified the +5 plate armour of Inaction {+Blink rPois}
 16777 | Gauntlet | Noticed a minotaur
 16794 | Gauntlet | Killed a minotaur
 16834 | Gauntlet | Identified the Reference Book on Toxins and Bewitchment
 16845 | Gauntlet | Got a warped jade ring
 16849 | Gauntlet | Identified the ring "Ydypir" {*Corrode MP+9 Int+10} (You
                  | found it in a Gauntlet)
 17009 | Lair:4   | Found a hole to the Spider Nest.
 17373 | Lair:4   | Lost mutation: Your spells are a little easier to cast, but
                  | a little less powerful. [potion of mutation]
 17373 | Lair:4   | Lost mutation: One of your tentacles bears a spike. [potion
                  | of mutation]
 17373 | Lair:4   | Gained mutation: You do not regenerate when monsters are
                  | visible. [potion of mutation]
 17373 | Lair:4   | Gained mutation: You expend magic power (3 MP) to
                  | strengthen your wands. [potion of mutation]
 17998 | Lair:5   | Reached skill level 1 in Throwing
 19001 | Lair:5   | Reached XP level 14. HP: 11/97 MP: 21/21
 19049 | Lair:5   | Reached skill level 5 in Throwing
 19550 | Lair:5   | Learned a level 6 spell: Statue Form
 19695 | Lair:6   | Entered Level 6 of the Lair of Beasts
 19779 | Lair:5   | Reached skill level 1 in Transmutations
 19779 | Lair:5   | Reached skill level 1 in Earth Magic
 21703 | Lair:6   | Lost mutation: You expend magic power (3 MP) to strengthen
                  | your wands. [potion of mutation]
 21703 | Lair:6   | Lost mutation: You do not regenerate when monsters are
                  | visible. [potion of mutation]
 21703 | Lair:6   | Gained mutation: Your muscles are strong. (Str +2) [potion
                  | of mutation]
 21703 | Lair:6   | Gained mutation: You have a pair of small antennae on your
                  | head. [potion of mutation]
 21703 | Lair:6   | Gained mutation: You passively map a small area around you.
                  | [potion of mutation]
 21703 | Lair:6   | Gained mutation: You are somewhat resistant to further
                  | mutation. [potion of mutation]
 22156 | Lair:6   | Found a staircase to the Slime Pits.
 22303 | Lair:6   | Paralysed by a hornet for 1 turns
 22314 | Lair:6   | Reached skill level 5 in Transmutations
 22314 | Lair:6   | Reached skill level 5 in Earth Magic
 23962 | Lair:6   | Reached XP level 15. HP: 101/101 MP: 22/22
 24520 | Lair:6   | Bought a ration for 55 gold pieces
 24520 | Lair:6   | Bought a ration for 55 gold pieces
 24520 | Lair:6   | Bought a ration for 55 gold pieces
 24520 | Lair:6   | Bought a ration for 55 gold pieces
 24520 | Lair:6   | Bought a ration for 55 gold pieces
 24520 | Lair:6   | Bought a ration for 55 gold pieces
 24520 | Lair:6   | Bought a ration for 55 gold pieces
 24520 | Lair:6   | Bought a ration for 55 gold pieces
 24520 | Lair:6   | Bought a ration for 55 gold pieces
 24520 | Lair:6   | Bought a ration for 55 gold pieces
 24520 | Lair:6   | Bought a ration for 55 gold pieces
 24520 | Lair:6   | Bought a ration for 55 gold pieces
 24520 | Lair:6   | Bought a ration for 55 gold pieces
 25611 | D:8      | Found a transporter.
 25828 | D:8      | Killed esteth's ghost
 26111 | D:11     | Paralysed by an orc sorcerer for 4 turns
 27073 | D:13     | Found a radiant altar of Vehumet.
 27623 | D:13     | Found a gate to the Vaults.
 27633 | D:13     | Paralysed by a wizard for 3 turns
 28046 | D:14     | Found a flagged portal.
 28055 | Bailey   | Entered a bailey
 29289 | D:15     | Entered Level 15 of the Dungeon
 29396 | D:15     | Found a portal to a secret trove of treasure.
 30314 | D:15     | Found a staircase to the Depths.
 30554 | Orc:1    | Entered Level 1 of the Orcish Mines
 30554 | Orc:1    | Found Huiqiq's Magic Scroll Emporium.
 30554 | Orc:1    | Noticed Fannar
 30561 | Orc:1    | Killed Fannar
 30733 | Orc:1    | Bought a scroll of torment for 112 gold pieces
 30733 | Orc:1    | Bought 3 scrolls of teleportation for 135 gold pieces
 30733 | Orc:1    | Bought a scroll of teleportation for 45 gold pieces
 30733 | Orc:1    | Bought a scroll of fear for 52 gold pieces
 30733 | Orc:1    | Bought a scroll of magic mapping for 52 gold pieces
 30733 | Orc:1    | Bought a scroll of identify for 30 gold pieces
 30754 | Orc:1    | Found a roughly hewn altar of Beogh.
 31186 | Orc:2    | Entered Level 2 of the Orcish Mines
 31187 | Orc:2    | Found a staircase to the Elven Halls.
 31647 | Orc:2    | Reached XP level 16. HP: 94/108 MP: 23/23
 31768 | Orc:2    | Reached skill level 10 in Transmutations
 31768 | Orc:2    | Reached skill level 10 in Earth Magic
 31788 | Orc:2    | Found Fusoimez's Book Boutique.
 31788 | Orc:2    | Found Amowuso's Jewellery Shoppe.
 31788 | Orc:2    | Found Isaoq's Distillery.
 31804 | Orc:2    | Found Bidav's Jewellery Shop.
 31819 | Orc:2    | Bought a potion of curing for 48 gold pieces
 31819 | Orc:2    | Bought a potion of mutation for 128 gold pieces
 31819 | Orc:2    | Bought a potion of mutation for 128 gold pieces
 31819 | Orc:2    | Bought a potion of heal wounds for 80 gold pieces
 31819 | Orc:2    | Bought a potion of lignification for 48 gold pieces
 31819 | Orc:2    | Bought a potion of might for 64 gold pieces
 31819 | Orc:2    | Bought a potion of cancellation for 128 gold pieces
 32556 | Spider:1 | Entered Level 1 of the Spider Nest
 32611 | Spider:1 | Noticed Frances
 32633 | Spider:1 | Killed from afar by Frances

Skill      XL: |  1  2  3  4  5  6  7  8  9 10 11 12 13 14 15 16 |
---------------+-------------------------------------------------+-----
Stealth        | 1 2 |  2.0
Unarmed Combat | 3 4 5 6 7 10 11 12 13 | 13.3
Shields        | 4 5 7 9 11 12 13 | 13.2
Translocations | 2 |  2.0
Spellcasting   | 2 |  2.4
Evocations     | 5 8 9 |  9.4
Dodging        | 5 8 9 |  9.3
Fighting       | 5 8 9 |  9.3
Throwing       | 4 6 |  6.0
Transmutations | 7 9 10 | 10.4
Earth Magic    | 7 9 10 | 10.4

Action                   |  1- 3 |  4- 6 |  7- 9 | 10-12 | 13-15 | 16-18 || total
-------------------------+-------+-------+-------+-------+-------+-------++-------
Melee: Unarmed           |    76 |   104 |   283 |   629 |  1095 |   121 ||  2308
       Constrict         |    18 |    32 |    53 |    56 |   157 |    25 ||   341
       Tentacles         |    16 |    23 |    49 |    98 |   269 |    23 ||   478
       Punch             |     1 |     3 |    17 |    52 |   136 |    10 ||   219
       Kick              |       |       |    10 |   165 |    24 |       ||   199
Throw: Tomahawk          |       |       |     3 |    16 |    29 |       ||    48
       Javelin           |       |       |       |       |    88 |       ||    88
 Cast: Statue Form       |       |       |       |       |     3 |     4 ||     7
Invok: Call Merchant     |       |       |       |     2 |     3 |       ||     5
Evoke: Wand              |       |       |     2 |    10 |    34 |       ||    46
       Box of beasts     |       |       |       |       |     8 |     4 ||    12
  Use: Scroll            |       |     4 |     6 |     6 |    14 |     2 ||    32
       Potion            |       |     4 |     6 |     9 |    18 |     1 ||    38
 Stab: Sleeping          |     6 |    10 |     9 |    14 |     9 |     1 ||    49
       Distracted        |       |       |       |     2 |    12 |     1 ||    15
       Paralysed         |       |       |       |     4 |    10 |       ||    14
       Invisible         |       |       |       |       |     9 |       ||     9
  Eat: Chunk             |     1 |     5 |     4 |       |     1 |       ||    11
       Ration            |       |     1 |     3 |     6 |    16 |     2 ||    28
Armor: Skin              |     6 |     2 |    15 |    61 |    43 |    23 ||   150
Dodge: Dodged            |    55 |    51 |   130 |   188 |   465 |   107 ||   996
Block: Shield            |    30 |    40 |   187 |   346 |   697 |   179 ||  1479
       Reflection        |       |       |     4 |     4 |    27 |    52 ||    87
